Map: Ascension to Aiur LE

Players

Vandre

  • Race: Protoss Protoss
  • Spawn Location: 5:00

FollowIndySC - Winner!

  • Race: Zerg Zerg
  • Spawn Location: 11:00

VOD

Have the link to the VOD?

Description

Time

  • Played on: Dec. 5, 2017, 12:30 p.m.
  • Length: 12:32
Show
View Real Time Build Order
Export as new Build Order

Vandre Protoss 

Build Orders:  

Get SALT Encoding   

  12  0:15  Probe  
  13  0:26  Assimilator  
  13  0:27  Probe  
  14  0:38  Pylon  
  14  0:39  Probe  
  15  0:58  Gateway  
  15  1:02  Gateway  
  15  1:32  Pylon  
  15  1:45  Zealot  
  17  1:49  Zealot  
  19  1:57  Forge  
  19  2:05  Cybernetics Core  
  19  2:16  Zealot  
  19  2:17  Zealot  
  23  2:44  Zealot x2  
  25  2:45  Probe  
  28  2:54  Warp Gate  
  28  2:57  Probe  
  29  3:09  Probe  
  30  3:24  Pylon  
  30  3:42  Stalker  
  30  3:43  Nexus  
  32  3:51  Assimilator, Probe  
  32  3:54  Stalker  
  35  4:03  Probe  
  35  4:07  Pylon  
  36  4:15  Probe  
  37  4:24  Stalker  
  37  4:25  Protoss Ground Weapons Level 1  
  37  4:28  Stalker  
  41  4:34  Probe  
  42  4:55  Sentry  
  44  5:02  Probe (Chrono Boost)  
  46  5:08  Probe (Chrono Boost)  
  46  5:14  Probe (Chrono Boost)  
  47  5:19  Probe x3 (Chrono Boost)  
  47  5:20  Stalker  
  52  5:28  Probe  
  53  5:31  Probe  
  54  5:40  Probe  
  53  5:43  Probe  
  54  5:50  Stalker x2  
  54  5:52  Probe  
  59  5:57  Pylon  
  59  6:04  Pylon  
  59  6:09  Photon Cannon  
  59  6:12  Probe  
  60  6:20  Stalker  
  60  6:25  Probe  
  63  6:35  Stalker  
  65  6:40  Probe  
  66  6:50  Stalker  
  66  6:53  Probe  
  69  6:54  Nexus  
  69  7:05  Stalker, Probe  
  69  7:07  Stargate  
  72  7:10  Assimilator  
  72  7:17  Probe  
  72  7:20  Assimilator  
  73  7:27  Sentry  
  73  7:29  Probe  
  76  7:34  Stalker  
  76  7:35  Pylon  
  78  7:38  Pylon  
  78  7:43  Pylon  
  78  7:53  Sentry, Probe  
  78  7:57  Phoenix  
  83  7:59  Protoss Air Weapons Level 1  
  84  8:08  Probe (Chrono Boost)  
  84  8:09  Probe (Chrono Boost)  
  88  8:20  Probe (Chrono Boost)  
  88  8:21  Probe x3 (Chrono Boost)  
  88  8:22  Phoenix  
  91  8:31  Protoss Ground Armor Level 1  
  91  8:32  Stalker  
  93  8:40  Probe  
  94  8:47  Pylon  
  94  8:52  Probe  
  94  8:55  Pylon  
  95  8:57  Pylon  
  95  8:58  Pylon  
  95  9:04  Probe  
  96  9:13  Nexus  
  96  9:16  Probe, Pylon  
  97  9:19  Pylon  
  100  9:27  Oracle  
  100  9:28  Probe  
  101  9:37  Fleet Beacon  
  101  9:40  Probe  
  101  9:44  Robotics Facility  
  102  9:52  Pylon  
  102  9:53  Protoss Air Armor Level 1  
  102  9:54  Pylon  
  102  9:57  Stalker x2  
  66  10:27  Stalker  
Show
View Real Time Build Order
Export as new Build Order

FollowIndySC Zerg - Winner!

Build Orders: Hatch First, Lurkers 

Get SALT Encoding   

  12  0:01  Drone  
  13  0:14  Overlord  
  13  0:18  Drone  
  14  0:33  Drone  
  14  0:34  Drone  
  16  0:40  Drone  
  17  0:53  Hatchery  
  17  0:56  Drone  
  17  1:05  Drone  
  17  1:10  Extractor  
  17  1:18  Spawning Pool  
  17  1:24  Drone x2  
  18  1:30  Drone  
  19  1:42  Overlord  
  19  1:52  Drone  
  20  2:05  Zergling x4  
  20  2:07  Queen  
  20  2:08  Queen  
  26  2:15  Metabolic Boost  
  26  2:21  Drone x2  
  28  2:24  Drone  
  28  2:27  Drone  
  30  2:43  Hatchery  
  29  2:47  Drone x3  
  32  2:55  Overlord  
  32  3:03  Drone x2  
  34  3:10  Drone  
  34  3:11  Roach Warren, Extractor  
  34  3:12  Drone  
  34  3:24  Drone x3  
  37  3:51  Drone  
  37  3:52  Drone x5  
  43  3:55  Overlord  
  43  3:56  Overlord x2  
  43  3:58  Drone x3  
  43  3:59  Drone  
  47  4:04  Queen  
  49  4:10  Lair  
  49  4:17  Drone x3  
  51  4:18  Drone  
  53  4:36  Drone x3  
  53  4:37  Drone x6  
  62  4:40  Roach x2  
  62  4:41  Roach  
  68  4:51  Extractor  
  68  4:52  Extractor  
  66  4:54  Extractor  
  66  4:55  Drone x3  
  68  5:06  Drone x4  
  68  5:07  Drone x2  
  73  5:12  Hydralisk Den  
  73  5:18  Overlord x3  
  73  5:29  Overlord x2  
  73  5:34  Evolution Chamber  
  73  5:35  Overseer  
  72  5:38  Overseer  
  72  5:46  Muscular Augments  
  72  5:51  Hydralisk  
  72  5:52  Hydralisk x12  
  98  5:59  Hydralisk x2  
  102  6:11  Queen  
  104  6:25  Hydralisk x5  
  106  6:27  Overlord x5  
  114  6:43  Overlord x3  
  114  6:46  Hydralisk x2  
  114  6:47  Hydralisk x4  
  114  6:53  Lurker Den  
  125  6:56  Extractor  
  125  6:57  Drone x3  
  127  7:09  Drone x2  
  127  7:10  Drone  
  130  7:19  Drone x2  
  130  7:21  Drone x2  
  134  7:24  Drone  
  135  7:33  Zerg Missile Weapons Level 1  
  135  7:39  Hydralisk x2  
  135  7:40  Hydralisk x10  
  159  8:06  Overlord x3  
  159  8:08  Hatchery  
  158  8:27  Hydralisk  
  158  8:28  Hydralisk x13  
  158  8:30  Overlord  
  186  8:41  Overlord x2  
  186  9:25  Extractor  
  186  9:26  Extractor  
  186  9:30  Lurker x10  
  186  9:31  Lurker  
  195  9:39  Spore Crawler  
  195  9:41  Spore Crawler  
  195  9:43  Spore Crawler  
  192  9:53  Lurker  
  192  9:54  Lurker x2  
  192  9:55  Lurker  
  193  10:38  Overseer  
Tags
 
Composition
Lurkers
Matchup
PvZ
Spawn Locations
Cross Positions
Add a new tag
Caveats
  • Supply blocks, unpowered buildings, or Contaminate may cause inaccurate times.
  • Supply counts are checked every 10 seconds.